 Dungeon Crawl Stone Soup version 0.31-a0-175-g9f7f995f2b (webtiles) character file.

Game seed: 15744669827590450386

637455 Serulin the Impregnable (level 27, -12/247 HPs)
             Began as a Gargoyle Earth Elementalist on June 15, 2023.
             Was the Champion of Vehumet.
             Mangled by a white draconian
             ... wielding a +0 war axe
              (23 damage)
             ... on level 4 of the Realm of Zot on June 18, 2023.
             The game lasted 08:19:48 (66354 turns).

Serulin the Impregnable (GrEE)                     Turns: 66354, Time: 08:19:49

Health: -12/247    AC: 48    Str:  9 (17) XL:     27
Magic:  24/48      EV: 11    Int: 25 (29) God:    Vehumet [******]
Gold:   5268       SH: 18    Dex: 20 (28) Spells: 10/68 levels left

rFire   + + +        u - +6 spear of Infinite Pain {freeze, rF+++ rC+ Str-3 Dex+2}
rCold   + + .        X - +2 shield of Resistance {rF++ rC++ Will++}
rNeg    + + .        O - +5 fire dragon scales
rPois   ∞            l - +3 hat of Cheibriados {rPois Dex+5}
rElec   +            T - scarf {repulsion}
rCorr   .            r - +1 pair of gloves "Faghat Pubbo" {rF+ Dex+7 Slay+2}
SInv    +            p - +2 pair of boots
Will    ++++.        P - amulet of Vitality {RegenMP++ Regen++} Stlth
                     D - ring of Qynovub {rF+ AC+4 Str+3 Slay+6}
HPRegen 2.21/turn    Q - ring "Unaho" {rF+ rN+ Str+2 Int+6 SInv}
MPRegen 1.11/turn

%: repel missiles
@: berserking (expiring), corroded, flying, very slightly contaminated, studying
4 skills, unable to read, very quick
A: sickness immunity, AC +20, big wings, negative energy resistance 1,
electricity resistance, torment resistance 1, petrification resistance, horns 1,
agile 1, deformed body, deterioration 1, weak 1, heat vulnerability 1, inability
to read after injury 2, MP-powered wands
}: 4/15 runes: serpentine, barnacled, silver, abyssal
a: Renounce Religion


You were on level 4 of the Realm of Zot.
You worshipped Vehumet.
Vehumet was exalted by your worship.
You visited 11 branches of the dungeon, and saw 50 of its levels.
You visited the Abyss 3 times.
You also visited: Trove, Bailey and Gauntlet.

You collected 9356 gold pieces.
You spent 4088 gold pieces at shops.

Inventory:

Hand Weapons
 u - the +6 spear of Infinite Pain (weapon) {freeze, rF+++ rC+ Str-3 Dex+2}
   (You found it on level 6 of the Dungeon)

   Str:       It affects your strength (-3).
   Dex:       It affects your dexterity (+2).
   rF:        It renders you almost immune to fire.
   rC:        It protects you from cold.
 V - the +27 heavy crossbow "Sniper" {heavy, Acc+∞ SInv}
   (You found it on level 3 of the Depths)

   Acc+∞: It never misses its target.
   SInv:      It lets you see invisible.
Armour
 d - the +6 storm dragon scales of Magylotu {+Blink rElec rC+}
   (You found it on level 4 of the Snake Pit)

   rC:        It protects you from cold.
   rElec:     It insulates you from electricity.
   +Blink:    It lets you blink.
 i - the +4 dragonskin cloak
   (You took it off Tiamat on level 1 of the Realm of Zot)

   Avatar's Aegis: It grants the wearer a chance to resist fire, cold, poison,
   electricity, acid, and negative energy.
 l - the +3 hat of Cheibriados (worn) {rPois Dex+5}
   (You found it in a Gauntlet)

   Dex:       It affects your dexterity (+5).
   rPois:     It protects you from poison.
 p - a +2 pair of boots (worn)
 r - the +1 pair of gloves "Faghat Pubbo" (worn) {rF+ Dex+7 Slay+2}
   (You found it in a bailey)

   Dex:       It affects your dexterity (+7).
   Slay:      It affects your accuracy & damage with ranged weapons and melee
   (+2).
   rF:        It protects you from fire.
 B - the +8 tower shield "Adajor" {Str+2}
   (You took it off Louise on level 3 of the Shoals)

   Str:       It affects your strength (+2).
 O - +5 fire dragon scales (worn)
 R - the scarf "Dask" {rC+ rF+, rElec}
   (You found it on level 5 of the Lair of Beasts)

   rElec:     It insulates you from electricity.
 T - a scarf of repulsion (worn)
 X - the +2 shield of Resistance (worn) {rF++ rC++ Will++}
   (You found it on level 5 of the Vaults)

   rF:        It greatly protects you from fire.
   rC:        It greatly protects you from cold.
   Will:      It greatly increases your willpower.
Jewellery
 a - the ring "Jyirpheost" {+Blink Will+ AC+4 Str-3 SInv}
   (You found it in a treasure trove)

   [ring of protection]

   AC:        It affects your AC (+4).
   Str:       It affects your strength (-3).
   SInv:      It lets you see invisible.
   +Blink:    It lets you blink.
   Will:      It increases your willpower.
 D - the ring of Qynovub (left hand) {rF+ AC+4 Str+3 Slay+6}
   (You acquired it on level 5 of the Vaults)

   [ring of protection]

   AC:        It affects your AC (+4).
   Str:       It affects your strength (+3).
   Slay:      It affects your accuracy & damage with ranged weapons and melee
   (+6).
   rF:        It protects you from fire.
 J - the ring "Mokhlas" {Fly Will+ Int+3 Dex+6}
   (You found it on level 5 of the Vaults)

   [ring of dexterity]

   Int:       It affects your intelligence (+3).
   Dex:       It affects your dexterity (+6).
   Fly:       It grants you flight.
   Will:      It increases your willpower.
 P - the amulet of Vitality (around neck) {RegenMP++ Regen++}
   (You found it in a Gauntlet)

   [amulet of magic regeneration]

   It increases your rate of magic regeneration.
   Regen:     It increases your rate of health regeneration.
 Q - the ring "Unaho" (right hand) {rF+ rN+ Str+2 Int+6 SInv}
   (You bought it in a shop on level 2 of the Orcish Mines)

   [ring of intelligence]

   Str:       It affects your strength (+2).
   Int:       It affects your intelligence (+6).
   rF:        It protects you from fire.
   rN:        It protects you from negative energy.
   SInv:      It lets you see invisible.
 Z - the ring of the Living God {*Slow rCorr Str+3 Int+5 Dex+6}
   (You found it on level 3 of the Realm of Zot)

   [ring of dexterity]

   Str:       It affects your strength (+3).
   Int:       It affects your intelligence (+5).
   Dex:       It affects your dexterity (+6).
   rCorr:     It protects you from acid and corrosion.
   *Slow:     It may slow you when you take damage.
Wands
 b - a wand of iceblast (72)
 s - a wand of quicksilver (31)
 v - a wand of digging (27)
 I - a wand of flame (167)
 K - a wand of mindburst (40)
Scrolls
 e - 8 scrolls of fog
 j - 9 scrolls of poison
 m - 20 scrolls of teleportation
 o - 10 scrolls of fear
 t - 5 scrolls of amnesia
 w - 5 scrolls of vulnerability
 y - 3 scrolls of silence
 z - 5 scrolls of immolation
 A - 4 scrolls of blinking
 E - 6 scrolls of revelation
 G - 2 scrolls of butterflies
 Y - 4 scrolls of torment
Potions
 c - 10 potions of enlightenment
 f - 12 potions of brilliance
 g - 7 potions of heal wounds
 h - 16 potions of curing
 k - 8 potions of might
 q - 5 potions of haste
 x - 4 potions of invisibility
 C - 4 potions of magic
 F - 12 potions of lignification
 H - 2 potions of mutation
 L - 9 potions of ambrosia
 N - 7 potions of resistance
 U - 5 potions of cancellation
Miscellaneous
 n - a phantom mirror
 M - a tin of tremorstones (2/2)
 S - a sack of spiders
 W - a box of beasts


   Skills:
 - Level 15.1 Fighting
 * Level 23.2 Armour
 - Level 6.3 Dodging
 - Level 2.1 Stealth
 + Level 18.1 Shields
 + Level 21.3 Spellcasting
 + Level 19.8 Conjurations
 - Level 4.1 Summonings
 - Level 4.0 Necromancy
 - Level 5.5 Translocations
 - Level 8.5 Transmutations
 + Level 20.3 Fire Magic
 + Level 17.2 Earth Magic


You had 10 spell levels left.
You knew the following spells:

 Your Spells              Type           Power      Damage    Failure   Level
a - Sandblast             Erth           100%       2d20      0%          1
b - Stone Arrow           Conj/Erth      100%       3d13      0%          3
c - Sticky Flame          Conj/Fire      91%        2d10      1%          4
d - Fireball              Conj/Fire      45%        3d18      1%          5
e - Flame Wave            Conj/Fire      91%        2d19      1%          4
f - Starburst             Conj/Fire      45%        6d13      1%          6
g - Lee's Rapid Deconstr  Erth           42%        3d21*     1%          5
h - Ignition              Fire           45%        3d13      4%          8
i - Irradiate             Conj/Tmut      39%        3d24      1%          5
j - Lehudib's Crystal Sp  Conj/Erth      44%        10d11     9%          8
k - Blink                 Tloc           100%       N/A       1%          2
l - Spellforged Servitor  Conj/Summ      36%        N/A       16%         7

Your spell library contained the following spells:

 Spells                   Type           Power      Damage    Failure   Level
 Foxfire                  Conj/Fire      100%       2x1d9     0%          1
 Magic Dart               Conj           100%       1d8       0%          1
 Scorch                   Fire           100%       2d9       0%          2
 Searing Ray              Conj           100%       2d8       0%          2
 Kiss of Death            Conj/Necr      100%       2d13      1%          1
 Necrotise                Necr           100%       1d9       1%          1
 Shock                    Conj/Air       100%       1d9       1%          1
 Lesser Beckoning         Tloc           100%       N/A       1%          2
 Momentum Strike          Conj/Tloc      100%       3d10      1%          2
 Passwall                 Tmut/Erth      61%        N/A       1%          2
 Dazzling Flash           Conj/Hex       100%       N/A       1%          3
 Hailstorm                Conj/Ice       66%        3d14      1%          3
 Ignite Poison            Fire/Tmut/Pois 66%        N/A       1%          3
 Inner Flame              Hex/Fire       67%        N/A       1%          3
 Mephitic Cloud           Conj/Pois/Air  56%        N/A       1%          3
 Volatile Blastmotes      Fire/Tloc      100%       2d18      1%          3
 Animate Armour           Summ/Erth      100%       N/A       1%          4
 Fulminant Prism          Conj/Hex       33%        3d15      1%          4
 Iskenderun's Mystic Bla  Conj/Tloc      74%        2d15      1%          4
 Petrify                  Tmut/Erth      74%        N/A       1%          4
 Arcjolt                  Conj/Air       33%        1d43      1%          5
 Iskenderun's Battlesphe  Conj           90%        2d14      1%          5
 Leda's Unmaking          Conj/Erth      44%        9d7       1%          6
 Orb of Destruction       Conj           45%        9d12      1%          7
 Leda's Liquefaction      Hex/Erth       31%        N/A       2%          4
 Gell's Gravitas          Tloc           53%        N/A       3%          3
 Borgnjor's Vile Clutch   Necr/Erth      34%        N/A       3%          5
 Poisonous Vapours        Pois/Air       52%        N/A       4%          2
 Call Canine Familiar     Summ           47%        N/A       5%          3
 Vampiric Draining        Necr           46%        2d9       5%          3
 Plasma Beam              Fire/Air       33%        2x1d46    6%          6
 Blade Hands              Tmut           31%        N/A       8%          5
 Slow                     Hex            100%       N/A       10%         1
 Portal Projectile        Hex/Tloc       80%        N/A       10%         3
 Vhi's Electric Charge    Tloc/Air       80%        N/A       10%         3
 Manifold Assault         Tloc           53%        N/A       10%         4
 Summon Guardian Golem    Hex/Summ       37%        N/A       12%         3
 Ensorcelled Hibernation  Hex/Ice        52%        N/A       14%         2
 Ice Form                 Ice/Tmut       48%        N/A       17%         4
 Animate Dead             Necr           46%        N/A       19%         4
 Dispel Undead            Necr           46%        3d18      19%         4
 Airstrike                Air            13%        2d(2-18)  24%         4
 Olgreb's Toxic Radiance  Pois           26%        N/A       24%         4
 Confusing Touch          Hex            26%        N/A       28%         3
 Ozocubu's Armour         Ice            26%        N/A       28%         3
 Swiftness                Air            26%        N/A       28%         3
 Tukima's Dance           Hex            26%        N/A       28%         3
 Summon Forest            Summ/Tloc      25%        N/A       36%         5
 Anguish                  Hex/Necr       18%        N/A       38%         4
 Summon Ice Beast         Ice/Summ       37%        N/A       38%         4
 Summon Lightning Spire   Summ/Air       37%        N/A       38%         4
 Alistair's Intoxication  Tmut/Pois      32%        N/A       43%         5
 Agony                    Necr           46%        N/A       45%         5
 Eringya's Noxious Bog    Tmut/Pois      24%        N/A       52%         6
 Fire Storm               Conj/Fire      45%        8d12      52%         9
 Cause Fear               Hex            13%        N/A       67%         4
 Summon Mana Viper        Hex/Summ       37%        N/A       75%         5
 Shatter                  Erth           42%        3d33*     87%         9
 Dragon Form              Tmut           31%        N/A       94%         7
 Metabolic Englaciation   Hex/Ice        13%        N/A       95%         5
 Silence                  Hex/Air        13%        N/A       95%         5
 Death Channel            Necr           23%        N/A       96%         6
 Simulacrum               Ice/Necr       18%        N/A       100%        6
 Enfeeble                 Hex            13%        N/A       100%        7
 Monstrous Menagerie      Summ           23%        N/A       100%        7
 Ozocubu's Refrigeration  Ice            13%        4d10      100%        7
 Storm Form               Tmut/Air       24%        N/A       100%        7
 Summon Hydra             Summ           23%        N/A       100%        7
 Borgnjor's Revivificati  Necr           23%        N/A       100%        8
 Discord                  Hex            13%        N/A       100%        8
 Maxwell's Capacitive Co  Air            13%        ∞         100%        8
 Chain Lightning          Conj/Air       33%        3d44      100%        9
 Polar Vortex             Ice            13%        N/A       100%        9
 Sublimation of Blood     Necr           Unusable   N/A       N/A         2
 Statue Form              Tmut/Erth      Unusable   N/A       N/A         6
 Cigotuvi's Dreadful Rot  Necr/Pois/Air  Unusable   N/A       N/A         2

Dungeon Overview and Level Annotations

Branches:
Dungeon (15/15)            Temple (0/1) D:7            Lair (5/5) D:8
 Shoals (4/4) Lair:3        Snake (4/4) Lair:3        Slime (0/5) Lair:5
    Orc (2/2) D:9             Elf (3/3) Orc:2        Vaults (5/5) D:14
  Crypt (3/3) Vaults:2       Tomb (0/3) Crypt:3      Depths (4/4) D:15
   Hell (visited)             Zot (4/5) Depths:4     Bailey (visited)
Gauntlet (visited)
    Dis: Hell:1         Geh: Hell:1         Coc: Hell:1         Tar: Hell:1

Altars:
Ashenzari
Dithmenos
Fedhas
Gozag
Hepliaklqana
Kikubaaqudgha
Nemelex Xobeh
Okawaru
Qazlal
Ru
Sif Muna
Vehumet
Wu Jian
Zin
The Shining One

Shops:
D:15 (   Orc:1 [   Orc:2 *!=[   Elf:1 ?   Shoals:1 !   Shoals:3 (   Snake:4 ?
Vaults:2 *   Vaults:5 ???   Depths:3 *

Portals:
Hell: Depths:1 Depths:2 Depths:3 Depths:4
Abyss: Depths:3
Pandemonium: Orc:2 Depths:1 Depths:2
Ziggurat: Depths:1

Annotations:
D:5 exclusion: downstairs
Orc:1 Erica
Elf:2 exclusion: downstairs
Vaults:1 4 runed translucent doors
Hell Geryon


Innate Abilities, Weirdness & Mutations

You are immune to sickness and miasma.
Your stone body is resilient. (AC +20)
You are immune to poison.
Your large and strong wings let you fly.
You resist negative energy. (rN+)
You are resistant to electric shocks. (rElec)
You are resistant to unholy torment.
You are immune to petrification.
You have a pair of small horns on your head.
You are agile. (Dex +4, Str/Int -1)
Armour fits poorly on your strangely shaped body.
Your body sometimes deteriorates upon taking damage.
You are weak. (Str -2)
You are vulnerable to heat. (rF-)
You sometimes lose the ability to read scrolls when taking damage.
You expend magic power (3 MP) to strengthen your wands.


Message History

You block the golden dragon's attack. The golden dragon barely misses you.
The yellow draconian annihilator hits you but does no damage.
The black draconian knight hits you but does no damage.
You impale the yellow draconian annihilator!!
The yellow draconian annihilator seems to slow down.
You freeze the yellow draconian annihilator.
You kill the yellow draconian annihilator!
Vehumet accepts your kill.
You feel your power returning. You block the golden dragon's attack.
The golden dragon claws you but does no damage.
You block the golden dragon's attack.
The quicksilver dragon rages.
A white draconian stormcaller comes into view.
It is wielding a +4 rapier.
The black draconian knight closely misses you.
The white draconian closely misses you. The wind drake flaps its wings at you.
The air twists around and strikes you. You block the golden dragon's attack.
The golden dragon claws you but does no damage.
The golden dragon tramples you!
* * * LOW HITPOINT WARNING * * *
You hold your ground!
The moth of wrath goads the tentacled monstrosity on!
The tentacled monstrosity goes berserk!
The red draconian hits you but does no damage.
You hit the golden dragon.
The golden dragon is moderately wounded.
You feel yourself speed up.
The quicksilver dragon rages.
The black draconian knight hits you but does no damage.
The white draconian hits you but does no damage.
The golden dragon bites you!!!
* * * LOW HITPOINT WARNING * * *
The golden dragon claws you.
* * * LOW HITPOINT WARNING * * *
The golden dragon barely misses you.
You block the black draconian knight's attack.
The moth of wrath goads the red draconian on!
The red draconian goes berserk!
The white draconian hits you with a +0 war axe!!
You die...

.........##
##'###....##
.....##....##
......##....##
#####..#....y##
#:..##.##>.yDz##
....(...#....DX##
.....#..#######D##
.⌠.⌠.## . ##@#
......# #qd#
.†<...#


#ydq# ..)...# #kkkd# .⌠.⌠.## #q..dk# .....# .......# ....... ........# #...##.#
##....... ##### .# You could see a tentacled monstrosity (berserk), a black
draconian knight (fast, invisible), a golden dragon (berserk), a storm dragon
(berserk), a black draconian, a red draconian (berserk), 2 draconians, a death
cob, a quicksilver dragon (berserk), 2 draconians, 2 death drakes, a ghost moth
(invisible), a wind drake (summoned, repels missiles), 2 moths of wrath and a
rime drake (summoned).

Vanquished Creatures
  3 ancient liches
  Tiamat (Zot:1)
  3 orbs of fire (Zot:3)
  5 dread liches
  Mara (Snake:4)
  A juggernaut (Depths:3)
  A royal mummy (Crypt:1)
  7 Killer Klowns
  Bai Suzhen (Shoals:4)
  Saint Roka (Snake:2)
  Xtahua (Crypt:2)
  Vashnia (Snake:3)
  2 curse toes
  A caustic shrike (Depths:3)
  11 golden dragons
  2 bone dragons
  The ghost of Qecvurom the Warrior, an adept DrRe of Fedhas (Vaults:2)
  2 doom hounds (Zot:1)
  2 hellephants
  11 tentacled monstrosities
  Mlioglotl (Snake:2)
  9 liches
  4 quicksilver dragons
  The ghost of Midn8 the Gelid, an adept DrVM of Sif Muna (Vaults:1)
  Grunn (Zot:1)
  A walking earthen tome (Depths:3)
  7 titans (Vaults:5)
  2 searing wretches (Depths:1)
  3 deep elf master archers
  12 death cobs
  A walking divine tome (Depths:3)
  4 deep elf blademasters
  4 ancient champions (Crypt:2)
  Polyphemus (Shoals:4)
  7 sphinxes
  A kraken (Shoals:2)
  The ghost of rapeowns the Geomancer, an adept DgEE (Snake:4)
  12 shadow dragons
  Agnes (Snake:3)
  2 tentacled starspawn (Abyss:3)
  6 tengu reavers
  7 nagarajas
  19 storm dragons
  Roxanne (Shoals:1)
  4 draconian knights
  4 draconian monks (Zot:1)
  2 revenants
  9 fire giants
  7 deep elf sorcerers
  A fenstrider witch (shapeshifter) (Depths:2)
  A caustic shrike zombie (Crypt:3)
  A fire giant (shapeshifter) (Depths:2)
  Louise (Shoals:3)
  16 vault wardens
  8 frost giants
  A juggernaut zombie (Crypt:1)
  An emperor scorpion (shapeshifter) (Vaults:4)
  A ghost moth (Zot:1)
  2 draconian scorchers
  5 iron dragons
  4 ghouls
  Aizul (Snake:3)
  9 deep elf elementalists
  16 ironbound preservers
  5 draconian shifters
  An orc warlord (Vaults:4)
  A spriggan defender (Depths:3)
  7 draconian stormcallers
  9 draconian annihilators
  5 vampire knights
  2 formless jellyfish
  An ophan (Abyss:3)
  8 war gargoyles
  18 stone giants
  A broodmother (shapeshifter) (Vaults:5)
  13 very ugly things
  7 wizards
  4 deep elf demonologists
  13 red draconians
  11 green draconians
  6 ironbound thunderhulks
  2 spectral titans (Crypt:1)
  9 black draconians
  7 dire elephants
  Nessos (D:15)
  Azrael (Snake:2)
  2 lorocyprocas (Depths:2)
  5 spark wasps
  11 yellow draconians
  9 white draconians
  A minotaur (Gauntlet)
  A bunyip (shapeshifter) (Vaults:5)
  2 blizzard demons
  7 deep elf annihilators
  An eidolon (Crypt:1)
  6 deep elf death magi
  7 purple draconians
  4 mummy priests (Crypt:1)
  5 crystal guardians
  7 fire dragons
  17 ettins
  9 deep elf high priests
  4 jiangshi (Crypt:1)
  14 merfolk impalers
  4 merfolk javelineers
  14 yaktaur captains
  An entropy weaver (Vaults:5)
  A spectral shadow dragon (Crypt:1)
  3 great orbs of eyes
  3 spectral spriggans (Crypt:1)
  2 spriggan zombies
  2 spectral fenstrider witches (Crypt:1)
  6 ice dragons
  31 vault guards
  A hydra (shapeshifter) (Depths:2)
  A peacekeeper (Vaults:2)
  7 salamander tyrants
  4 spriggan air magi
  A quicksilver dragon skeleton (Crypt:2)
  3 rakshasas
  A hell beast (Depths:4)
  4 hydras
  2 juggernaut simulacra (Depths:2)
  Harold (Orc:2)
  13 centaur warriors
  9 ironbound frosthearts
  3 demonspawn (Orc:2)
  A spriggan skeleton (Crypt:3)
  An ogre mage (Vaults:5)
  3 death knights
  4 merfolk aquamancers
  4 alligator snapping turtles
  4 boulder beetles
  8 anacondas
  6 two-headed ogres
  3 catoblepae
  4 merfolk avatars
  2 satyrs (Shoals:3)
  4 deep troll earth magi
  3 deep troll shamans
  An alligator (Shoals:4)
  A death scarab (Gauntlet)
  16 death yaks
  3 spectral nagas (Crypt:1)
  32 dancing weapons
  14 naga warriors
  16 hell hogs
  2 death yaks (shapeshifter) (Depths:2)
  4 vampire magi
  4 thrashing horrors
  10 orc high priests
  A demonic crawler (Hell)
  10 shock serpents
  6 tengu warriors
  18 naga sharpshooters
  2 spriggan berserkers
  6 soul eaters
  A titan zombie (Crypt:3)
  19 hell knights
  7 skysharks
  6 sun demons
  Nergalle (Lair:3)
  A wretched star (Abyss:3)
  17 deep elf knights
  A fire crab (Gauntlet)
  28 skeletal warriors
  A spatial maelstrom (Abyss:3)
  2 sixfirhies
  2 iron trolls (Depths:3)
  7 salamander mystics
  An anaconda zombie (Crypt:3)
  The ghost of knightboat the Destroyer, a novice TeCj of Qazlal (D:9)
  A ghost moth zombie (Crypt:2)
  A spark wasp zombie (Crypt:2)
  2 goliath frogs (Shoals:4)
  10 sea snakes
  15 ironbound convokers
  6 naga ritualists
  40 deep trolls
  3 flayed ghosts
  An anaconda skeleton (Crypt:1)
  2 obsidian statues
  An orange crystal statue (Crypt:2)
  A bog body (Crypt:2)
  3 glowing orange brains
  5 phantasmal warriors
  18 harpies
  10 lindwurms
  A golden dragon zombie (Crypt:3)
  2 bunyip skeletons
  11 orc knights
  10 deep elf archers
  11 necromancers
  23 deep elf pyromancers
  30 deep elf zephyrmancers
  A cyclops (shapeshifter) (Depths:3)
  6 mana vipers
  A spectral boulder beetle (Gauntlet)
  2 wolf spiders
  43 ugly things
  A spectral merfolk (Crypt:1)
  30 salamanders
  A faun (shapeshifter) (Depths:2)
  4 orc sorcerers (Orc:2)
  15 elephants
  9 merfolk sirens
  16 manticores
  10 cyclopes
  A frost giant zombie (Crypt:1)
  12 fauns (Shoals:3)
  An eleionoma zombie (Crypt:2)
  A spectral alligator snapping turtle (Crypt:1)
  A wolf spider (shapeshifter) (Depths:2)
  34 black mambas
  Joseph (D:7)
  An ice statue (Lair:4)
  19 moths of wrath
  A centaur zombie (Crypt:3)
  A spectral centaur (Crypt:1)
  5 guardian serpents
  16 naga magi
  2 rust devils (Depths:1)
  8 water nymphs
  14 vault sentinels
  9 cane toads
  A centaur skeleton (Crypt:2)
  3 gargoyles
  2 torpor snails
  An unseen horror (D:12)
  7 rime drakes
  2 smoke demons
  A komodo dragon (shapeshifter) (Depths:2)
  11 komodo dragons
  5 freezing wraiths
  Maggie (D:9)
  3 efreet
  3 minotaur zombies (Gauntlet)
  31 yaktaurs
  2 tengu conjurers
  A white draconian skeleton (Crypt:2)
  A spectral harpy (Crypt:1)
  8 guardian mummies (Crypt:1)
  3 ancient zymes
  A queen bee (shapeshifter) (D:12)
  48 merfolk
  3 polar bears
  A golden dragon simulacrum (Depths:2)
  2 harpy zombies
  3 hellwings (Abyss:3)
  3 meliai (D:14)
  A hydra zombie (Crypt:2)
  A queen bee (Lair:1)
  9 trolls
  3 hornets
  11 blink frogs
  2 harpy skeletons (Crypt:3)
  8 wind drakes
  A tarantella (shapeshifter) (Vaults:5)
  A death drake skeleton (Crypt:1)
  4 dream sheep (Shoals:2)
  3 raiju (Abyss:3)
  11 snapping turtles
  A jumping spider (shapeshifter) (Vaults:5)
  A fire dragon zombie (Crypt:3)
  4 centaur simulacra
  34 flying skulls (Crypt:3)
  2 air elementals (Elf:2)
  41 slime creatures
  4 shadows
  3 vampires
  3 ynoxinuls
  17 water elementals
  A yak (shapeshifter) (D:12)
  7 wraiths
  43 yaks
  5 humans (Zot:1)
  9 wyverns
  7 fire elementals
  2 fire bats (Gauntlet)
  A black mamba skeleton (Crypt:3)
  4 steam dragons
  5 basilisks
  11 vampire mosquitoes
  2 chaos spawn
  A redback (shapeshifter) (Elf:1)
  A sea snake simulacrum (Hell)
  A redback (D:12)
  23 starcursed masses
  A spatial vortex (Abyss:3)
  59 nagas
  An acid dragon (D:10)
  An acid dragon (shapeshifter) (Abyss:2)
  15 water moccasins
  2 hell hounds (Snake:2)
  58 orc warriors
  A fire bat skeleton (Crypt:2)
  A sky beast (D:7)
  7 large abominations
  9 ice beasts
  8 ogres
  15 wolves
  7 centaurs
  A hog skeleton (Crypt:1)
  A gnoll sergeant (D:6)
  A kobold brigand (D:10)
  11 bullfrogs
  A wyvern zombie (Crypt:1)
  5 necrophages
  4 scorpions
  6 earth elementals
  5 wights (D:9)
  A hornet simulacrum (Gauntlet)
  The ghost of OldManVictorn the Covert, a weakling GnDe (D:4)
  6 small abominations
  19 killer bees
  6 howler monkeys
  A quasit (Abyss:2)
  7 jellies
  A bullfrog skeleton (Crypt:2)
  3 hounds
  33 orc priests
  3 iron imps
  2 sleepcaps
  13 orc wizards
  A scorpion zombie (Crypt:1)
  5 iguanas
  12 hell rats
  2 naga zombies
  A boggart simulacrum (Gauntlet)
  8 gnolls
  9 adders
  2 shadow imps
  4 white imps
  4 ufetubi
  A worm (D:2)
  A dart slug (D:5)
  113 orcs
  6 bats
  5 endoplasms
  7 giant cockroaches
  10 goblins
  5 hobgoblins
  3 jackals (D:2)
  9 kobolds
  8 quokkas
  A ball python (shapeshifter) (Vaults:5)
  4 ball pythons
  3 frilled lizards (D:3)
  A frilled lizard zombie (Crypt:1)
  5 rats
  A lurking horror (Abyss:2)
  2 spectral weapons (Zot:1)
  2 starspawn tentacles (Abyss:3)
  5 tentacles (Shoals:2)
2373 creatures vanquished.

Vanquished Creatures (others)
  Asterion (Snake:2)
  A deep elf sorcerer (Vaults:5)
  2 fire giants
  A salamander (Snake:4)
  A naga mage (Snake:4)
  A black mamba (Snake:2)
  A hell hound (Snake:2)
  A small abomination (Abyss:3)
  A quasit (Abyss:2)
  18 starspawn tentacles
  3 tentacles (Shoals:2)
31 creatures vanquished.

Grand Total: 2404 creatures vanquished

Notes
Turn   | Place    | Note
-------+----------+-------------------------------------------
     0 | D:1      | Serulin the Gargoyle Earth Elementalist began the quest for
                  | the Orb.
     0 | D:1      | Reached XP level 1. HP: 10/10 MP: 3/3
   144 | D:1      | Reached XP level 2. HP: 15/15 MP: 1/5
   269 | D:1      | Reached skill level 1 in Conjurations
  1021 | D:2      | Reached XP level 3. HP: 11/19 MP: 0/6
  1083 | D:2      | Identified the +0 scale mail of Tender Moments {rF- Int+4
                  | Dex+6}
  1483 | D:2      | Reached XP level 4. HP: 24/24 MP: 4/8
  1602 | D:2      | Found a glowing golden altar of the Shining One.
  2086 | D:3      | Learned a level 3 spell: Stone Arrow
  2359 | D:3      | Reached XP level 5. HP: 22/28 MP: 6/9
  2406 | D:3      | Found an opulent altar of Gozag.
  2608 | D:3      | Found a faded altar of an unknown god.
  2943 | D:4      | Gained mutation: You are robust. (+10% HP) [potion of
                  | mutation]
  2943 | D:4      | Gained mutation: Your body sometimes deteriorates upon
                  | taking damage. [potion of mutation]
  3203 | D:3      | Reached XP level 6. HP: 34/35 MP: 8/11
  3258 | D:4      | Reached skill level 5 in Earth Magic
  3331 | D:4      | Found a runed translucent gate.
  3331 | D:4      | Found a runed translucent gate.
  3331 | D:4      | Found a runed translucent gate.
  3333 | D:4      | Identified the +7 dagger of the Pharaoh's Fist {speed,
                  | Stlth+}
  3333 | D:4      | Identified the +1 ring mail of Gluttony {Rampage rPois rF++
                  | Dex-2}
  3334 | D:4      | Noticed OldManVictorn's ghost (weakling GnDe)
  3396 | D:4      | Found a blossoming altar of Fedhas.
  3568 | D:4      | Found a sparkling altar of Nemelex Xobeh.
  3773 | D:5      | Entered Level 5 of the Dungeon
  3793 | D:5      | Noticed an ice beast
  3801 | D:5      | Killed an ice beast
  3838 | D:5      | Reached XP level 7. HP: 36/39 MP: 6/13
  3857 | D:5      | Found a radiant altar of Vehumet.
  3866 | D:5      | Became a worshipper of Vehumet
  3913 | D:5      | Reached skill level 1 in Fire Magic
  3948 | D:5      | Noticed a troll
  3953 | D:5      | Killed a troll
  3954 | D:5      | Reached skill level 5 in Conjurations
  3972 | D:5      | Reached skill level 5 in Spellcasting
  4228 | D:5      | Found a glowing silver altar of Zin.
  4356 | D:5      | Reached XP level 8. HP: 45/45 MP: 7/15
  4549 | D:5      | Learned a level 4 spell: Sticky Flame
  4575 | D:5      | Found a shimmering blue altar of Sif Muna.
  4600 | D:6      | Identified the +6 spear of Infinite Pain {freeze, rF+++ rC+
                  | Str-3 Dex+2}
  5011 | D:6      | Reached * piety under Vehumet
  5011 | D:6      | Offered knowledge of Shock by Vehumet.
  5235 | D:6      | Learned a level 5 spell: Fireball
  5255 | D:6      | Found a broken altar of Ashenzari.
  5259 | D:6      | Got Osuffy's Volume of Burnt Bones
  5795 | D:7      | Reached XP level 9. HP: 49/49 MP: 12/18
  5828 | D:7      | Reached skill level 1 in Armour
  5867 | D:7      | Reached skill level 5 in Fire Magic
  5906 | D:7      | Found a stormy altar of Qazlal.
  5906 | D:7      | Found a staircase to the Ecumenical Temple.
  6101 | D:7      | Found an ornate altar of the Wu Jian Council.
  6179 | D:7      | Noticed Joseph
  6189 | D:7      | Killed Joseph
  6190 | D:7      | Reached skill level 2 in Armour
  6356 | D:7      | Noticed a hornet
  6365 | D:7      | Killed a hornet
  6597 | D:8      | Found a flagged portal.
  6646 | Bailey   | Entered a bailey
  6670 | Bailey   | Reached skill level 1 in Fighting
  6672 | Bailey   | Reached skill level 3 in Armour
  6784 | Bailey   | Reached ** piety under Vehumet
  6784 | Bailey   | Offered knowledge of Static Discharge by Vehumet.
  7023 | Bailey   | Noticed an orc knight
  7036 | Bailey   | Killed an orc knight
  7037 | Bailey   | Reached XP level 10. HP: 57/58 MP: 11/21
  7379 | Bailey   | Identified the +1 pair of gloves "Faghat Pubbo" {rF+ Dex+7
                  | Slay+2}
  7743 | D:8      | Found an ancient bone altar of Kikubaaqudgha.
  7747 | D:8      | Found a hazy altar of Hepliaklqana.
  7750 | D:8      | Found a sacrificial altar of Ru.
  7910 | D:8      | Found a staircase to the Lair.
  8407 | D:8      | Lost mutation: You are robust. (+10% HP) [potion of
                  | mutation]
  8407 | D:8      | Lost mutation: Your body sometimes deteriorates upon taking
                  | damage. [potion of mutation]
  8407 | D:8      | Gained mutation: You have sharp fingernails. [potion of
                  | mutation]
  8407 | D:8      | Gained mutation: You have very sharp teeth. [potion of
                  | mutation]
  8407 | D:8      | Gained mutation: You have supernaturally acute eyesight.
                  | (SInv) [potion of mutation]
  8407 | D:8      | Gained mutation: You have a pair of small antennae on your
                  | head. [potion of mutation]
  8554 | D:9      | Reached skill level 4 in Armour
  8557 | D:9      | Offered knowledge of Volatile Blastmotes by Vehumet.
  8558 | D:9      | Found a staircase to the Orcish Mines.
  8673 | D:9      | Noticed Maggie
  8743 | D:9      | Noticed knightboat's ghost (novice TeCj)
  8757 | D:9      | Found a runed translucent door.
  9062 | D:9      | Killed Maggie
  9062 | D:9      | Reached *** piety under Vehumet
 10120 | D:4      | Killed OldManVictorn's ghost
 10121 | D:4      | Reached XP level 11. HP: 55/61 MP: 1/23
 10287 | Orc:1    | Entered Level 1 of the Orcish Mines
 10415 | Orc:1    | Offered knowledge of Flame Wave by Vehumet.
 10637 | Orc:2    | Entered Level 2 of the Orcish Mines
 10641 | Orc:2    | Found a staircase to the Elven Halls.
 10682 | Orc:2    | Noticed an orc high priest
 10685 | Orc:2    | Noticed a sun demon
 10823 | D:9      | Killed knightboat's ghost
 10894 | D:10     | Entered Level 10 of the Dungeon
 11533 | D:10     | Reached skill level 5 in Fighting
 12029 | D:11     | Learned a level 4 spell: Flame Wave
 12036 | D:11     | Learned a level 6 spell: Starburst
 12176 | D:11     | Reached **** piety under Vehumet
 12189 | D:11     | Noticed a cyclops
 12193 | D:11     | Killed a cyclops
 12302 | D:11     | Reached skill level 10 in Spellcasting
 12398 | D:11     | Offered knowledge of Lee's Rapid Deconstruction by Vehumet.
 12517 | D:11     | Noticed a manticore
 12520 | D:11     | Killed a manticore
 12521 | D:11     | Reached skill level 10 in Fire Magic
 12527 | D:11     | Learned a level 5 spell: Lee's Rapid Deconstruction
 12614 | D:11     | Noticed a two-headed ogre
 12620 | D:11     | Killed a two-headed ogre
 12621 | D:11     | Reached XP level 12. HP: 70/70 MP: 14/26
 13056 | D:12     | Noticed a boulder beetle
 13265 | Lair:1   | Entered Level 1 of the Lair of Beasts
 13398 | Lair:1   | Identified the +1 shortbow of Superiority {heavy, rElec
                  | rPois Str-4 Stlth+}
 13523 | Lair:1   | Reached ***** piety under Vehumet
 13666 | Lair:1   | Offered knowledge of Spellforged Servitor by Vehumet.
 13759 | Lair:1   | Noticed a boulder beetle
 14517 | Lair:2   | Noticed a catoblepas
 14519 | Lair:2   | Noticed a death yak
 14526 | Lair:2   | Killed a catoblepas
 14536 | Lair:2   | Noticed a skyshark
 14800 | Lair:2   | Killed a skyshark
 15644 | Lair:2   | Reached XP level 13. HP: 78/78 MP: 19/28
 16680 | Lair:3   | Found a staircase to the Shoals.
 17435 | Lair:3   | Noticed Nergalle
 17445 | Lair:3   | Killed Nergalle
 17667 | Lair:3   | Found a staircase to the Snake Pit.
 18164 | Lair:4   | Found an ornate altar of the Wu Jian Council.
 18218 | Lair:3   | Offered knowledge of Arcjolt by Vehumet.
 18341 | Lair:4   | Noticed an ice dragon
 18347 | Lair:4   | Killed an ice dragon
 18767 | Lair:5   | Entered Level 5 of the Lair of Beasts
 19355 | Lair:5   | Gained mutation: Your large and strong wings let you fly.
                  | [Gargoyle growth]
 19355 | Lair:5   | Reached XP level 14. HP: 73/87 MP: 11/31
 19481 | Lair:5   | Learned a level 8 spell: Ignition
 19782 | Lair:4   | Upgraded the game from 0.31-a0-167-g1c394c0614 to
                  | 0.31-a0-174-g85c54bcb58
 20079 | Lair:4   | Reached skill level 10 in Fighting
 20348 | Lair:5   | Found a staircase to the Slime Pits.
 20590 | Lair:4   | Reached skill level 5 in Armour
 21363 | Lair:5   | Identified the +5 rapier "Jimeilist" {speed, rC+ Str+3
                  | Dex+3}
 21381 | Lair:5   | Identified the scarf "Dask" {rC+ rF+, rElec}
 21675 | Lair:5   | Offered knowledge of Yara's Violent Unravelling by Vehumet.
 22428 | Orc:1    | Noticed Harold
 22428 | Orc:1    | Noticed Erica
 22435 | Orc:2    | Killed Harold
 23075 | Orc:2    | Reached skill level 6 in Armour
 23236 | Orc:2    | Found Daloapha's Distillery.
 23239 | Orc:2    | Found Fybbot's General Store.
 23278 | Orc:2    | Reached skill level 15 in Fire Magic
 23278 | Orc:2    | Reached XP level 15. HP: 94/94 MP: 15/33
 23387 | Orc:2    | Reached XP level 16. HP: 100/100 MP: 11/34
 23400 | Orc:2    | Reached skill level 7 in Armour
 23769 | Orc:1    | Found Ogupia's Antique Armour Shop.
 24131 | Orc:2    | Offered knowledge of Irradiate by Vehumet.
 24822 | Orc:2    | Found Pyug's Jewellery Emporium.
 24822 | Orc:2    | Found a one-way gate leading to the halls of Pandemonium.
 24822 | Orc:2    | Found Cagolili's Antique Armour Shoppe.
 24895 | Orc:2    | Bought the ring "Gifuuvor" {Ice Int+4 Dex-2 Slay+4} for 742
                  | gold pieces
 24895 | Orc:2    | Bought the ring "Unaho" {rF+ rN+ Str+2 Int+6 SInv} for 876
                  | gold pieces
 25074 | Elf:1    | Entered Level 1 of the Elven Halls
 25092 | Elf:1    | Learned a level 5 spell: Irradiate
 25138 | Elf:1    | Reached skill level 1 in Transmutations
 25157 | Elf:1    | Reached skill level 15 in Spellcasting
 25194 | Elf:1    | Identified the amulet of Noawes {Fragile rPois Regen+ rCorr
                  | Int+3}
 25717 | Elf:1    | Reached skill level 8 in Armour
 25719 | Elf:1    | Reached skill level 5 in Dodging
 26165 | Elf:1    | Found an ancient bone altar of Kikubaaqudgha.
 26299 | Elf:1    | Reached skill level 1 in Shields
 26382 | Elf:1    | Found Zysko's Magic Scroll Boutique.
 26394 | Elf:1    | Bought a scroll of teleportation for 30 gold pieces
 26941 | Elf:2    | Found a runed translucent gate.
 26942 | Elf:2    | Found a runed translucent gate.
 26942 | Elf:2    | Found a runed translucent gate.
 27003 | Elf:2    | Paralysed by an air elemental for 1 turns
 27583 | Elf:2    | Reached skill level 9 in Armour
 27618 | Elf:2    | Noticed a deep elf blademaster
 27620 | Elf:2    | Reached XP level 17. HP: 87/106 MP: 17/36
 27620 | Elf:2    | Killed a deep elf blademaster
 27838 | Elf:2    | Gained mutation: You are occasionally teleported next to
                  | monsters. [mutagenic glow]
 27901 | Elf:2    | Reached skill level 5 in Transmutations
 28577 | Elf:3    | Entered Level 3 of the Elven Halls
 28805 | Elf:3    | Reached skill level 1 in Necromancy
 28846 | Elf:3    | Reached skill level 10 in Armour
 29227 | Abyss:2  | Found a corrupted altar of Lugonu.
 29227 | Abyss:2  | Cast into level 2 of the Abyss (a deep elf sorcerer)
 29253 | Abyss:2  | Found a corrupted altar of Lugonu.
 29257 | Abyss:2  | Noticed a tentacled starspawn
 29456 | Abyss:2  | Found a corrupted altar of Lugonu.
 29469 | Abyss:2  | Offered knowledge of Eringya's Noxious Bog by Vehumet.
 29491 | Abyss:2  | Gained mutation: Your flesh is cold resistant. (rC+) [a
                  | neqoxec]
 29522 | Elf:3    | Escaped the Abyss
 29746 | Elf:3    | Reached skill level 5 in Shields
 29779 | Elf:3    | Found a radiant altar of Vehumet.
 30064 | Elf:3    | Noticed an Executioner
 30065 | Elf:3    | Reached skill level 11 in Armour
 30147 | Elf:2    | Found an ancient bone altar of Kikubaaqudgha.
 30172 | Elf:3    | Identified the +4 short sword of Plunder {pain, rN+ Int+4}
 30228 | Elf:3    | Noticed a deep elf blademaster
 30348 | Elf:3    | Killed a deep elf blademaster
 30350 | Elf:3    | Noticed a deep elf blademaster
 30462 | Elf:2    | Killed a deep elf blademaster
 30527 | Elf:3    | Identified the ring "Kobleagg" {rN+ rCorr Str+3}
 30531 | Elf:3    | Reached XP level 18. HP: 112/112 MP: 23/38
 30795 | Elf:3    | Identified the staff of earth "Baky" {Str+3 Int+2}
 30938 | Abyss:3  | Cast into level 3 of the Abyss (a deep elf sorcerer)
 31195 | Abyss:3  | Found a corrupted altar of Lugonu.
 31199 | Abyss:3  | Found a corrupted altar of Lugonu.
 31230 | Abyss:3  | Noticed a lich
 31302 | Abyss:3  | Killed a lich
 31305 | Abyss:3  | Reached ****** piety under Vehumet
 31309 | Elf:3    | Escaped the Abyss
 31459 | Elf:3    | Noticed a deep elf master archer
 31462 | Elf:3    | Killed a deep elf master archer
 31548 | Elf:3    | Reached skill level 12 in Armour
 31548 | Elf:3    | Offered knowledge of Orb of Destruction by Vehumet.
 31742 | Elf:3    | Noticed a deep elf master archer
 31749 | Elf:3    | Killed a deep elf master archer
 31777 | Elf:3    | Identified the +5 scale mail "Dadoar" {+Blink rC+ Str-5}
 31910 | Elf:3    | Got Sif Muna's Handbook of the Volcano and the Glacier
 31921 | Elf:3    | Got the Omnibus of Metamorphic Lava
 31929 | Elf:3    | Got the Enchiridion on the Wind
 31933 | Elf:3    | Got the Spellbook of Space and Interference
 32464 | D:12     | You are sucked into a shaft and drop 2 floors!
 32510 | D:13     | Found a gate leading to a gauntlet.
 32590 | Gauntlet | Entered a Gauntlet
 32590 | Gauntlet | Found a transporter.
 32590 | Gauntlet | Found a transporter.
 32599 | Gauntlet | Found a transporter.
 32614 | Gauntlet | Found a transporter.
 32624 | Gauntlet | Found a transporter.
 32634 | Gauntlet | Found a transporter.
 32649 | Gauntlet | Found a transporter.
 32655 | Gauntlet | Found a transporter.
 32665 | Gauntlet | Found a large runed translucent door.
 32666 | Gauntlet | Found a large runed translucent door.
 32667 | Gauntlet | Found a large runed translucent door.
 32667 | Gauntlet | Found a large runed translucent door.
 32668 | Gauntlet | Found a runed translucent gate.
 32669 | Gauntlet | Found a transporter.
 32669 | Gauntlet | Found a runed translucent gate.
 32670 | Gauntlet | Found a runed translucent gate.
 32671 | Gauntlet | Found a large runed translucent door.
 32671 | Gauntlet | Found a large runed translucent door.
 32672 | Gauntlet | Found a large runed translucent door.
 32673 | Gauntlet | Found a large runed translucent door.
 32682 | Gauntlet | Found a large runed translucent door.
 32682 | Gauntlet | Found a large runed translucent door.
 32682 | Gauntlet | Found a runed translucent door.
 32682 | Gauntlet | Found a runed translucent door.
 32683 | Gauntlet | Found a large runed translucent door.
 32684 | Gauntlet | Found a large runed translucent door.
 32686 | Gauntlet | Found a transporter.
 32690 | Gauntlet | Found a transporter.
 32726 | Gauntlet | Found a large runed translucent door.
 32727 | Gauntlet | Found a large runed translucent door.
 32728 | Gauntlet | Found a large runed translucent door.
 32728 | Gauntlet | Found a large runed translucent door.
 32729 | Gauntlet | Found a transporter.
 32731 | Gauntlet | Found the amulet of Vitality {RegenMP++ Regen++}
 32869 | Gauntlet | Identified the +3 hat of Cheibriados {rPois Dex+5}
 32958 | Gauntlet | Identified the +1 great sword of the Orb {venom, rPois
                  | SInv}
 32974 | Gauntlet | Found the +3 Mad Mage's Maulers {Infuse+∞ VampMP -Cast}
 32977 | Gauntlet | Identified the +0 chain mail of the Okapi {Will+ Dex+3}
 34277 | D:13     | Offered knowledge of Lehudib's Crystal Spear by Vehumet.
 34308 | D:13     | Learned a level 8 spell: Lehudib's Crystal Spear
 34522 | D:13     | Found a glowing golden altar of the Shining One.
 34593 | D:14     | Found a gate to the Vaults.
 34800 | D:14     | Reached skill level 10 in Conjurations
 34807 | D:14     | Reached XP level 19. HP: 110/116 MP: 40/40
 35420 | D:14     | Upgraded the game from 0.31-a0-174-g85c54bcb58 to
                  | 0.31-a0-175-g9f7f995f2b
 35463 | D:15     | Entered Level 15 of the Dungeon
 35635 | Abyss:3  | Cast into level 3 of the Abyss (a wizard)
 35644 | Abyss:3  | Found a corrupted altar of Lugonu.
 35707 | Abyss:3  | Found a corrupted altar of Lugonu.
 35736 | Abyss:3  | Got an abyssal rune of Zot
 35744 | Abyss:3  | Offered knowledge of Fire Storm by Vehumet.
 35744 | Abyss:3  | Offered knowledge of Shatter by Vehumet.
 35744 | Abyss:3  | Offered knowledge of Maxwell's Capacitive Coupling by
                  | Vehumet.
 35844 | D:15     | Escaped the Abyss
 35893 | D:15     | Found a staircase to the Depths.
 35933 | D:15     | Noticed Nessos
 35937 | D:15     | Killed Nessos
 36243 | D:15     | Found Muesoretat's Weapon Boutique.
 36539 | Depths:1 | Entered Level 1 of the Depths
 36643 | Depths:1 | Found a gateway to Hell.
 36643 | Depths:1 | Noticed a hellephant
 36879 | Depths:1 | Found a one-way gateway to a ziggurat.
 36921 | Depths:1 | Gained mutation: You passively map a small area around you.
                  | [mutagenic glow]
 37111 | Depths:1 | Reached skill level 13 in Armour
 37155 | Depths:1 | Reached XP level 20. HP: 114/124 MP: 7/41
 37256 | Depths:1 | Found an iron altar of Okawaru.
 37811 | Depths:1 | Killed a hellephant
 38114 | Snake:1  | Entered Level 1 of the Snake Pit
 38200 | Snake:1  | Learned a level 2 spell: Blink
 39228 | Snake:2  | Noticed Mlioglotl
 39235 | Snake:2  | Killed Mlioglotl
 39236 | Snake:2  | Reached skill level 1 in Translocations
 39707 | Snake:2  | Noticed Saint Roka
 39721 | Snake:2  | Killed Saint Roka
 39786 | Snake:2  | You are sucked into a shaft and drop 1 floor!
 39786 | Snake:3  | Noticed Aizul
 39795 | Snake:3  | Killed Aizul
 39798 | Snake:2  | Noticed Asterion
 39804 | Snake:2  | Killed Asterion
 39918 | Snake:2  | Gained mutation: You are weak. (Str -2) [mutagenic glow]
 40066 | Snake:2  | Noticed Azrael
 40075 | Snake:2  | Killed Azrael
 40440 | Snake:3  | Noticed Agnes
 40451 | Snake:3  | Killed Agnes
 40459 | Snake:3  | Gained mutation: You are clumsy. (Dex -2) [mutagenic glow]
 40549 | Snake:3  | Noticed Vashnia
 40558 | Snake:3  | Killed Vashnia
 41249 | Snake:4  | Entered Level 4 of the Snake Pit
 41267 | Snake:4  | Found a runed translucent gate.
 41267 | Snake:4  | Found a runed translucent gate.
 41267 | Snake:4  | Found a runed translucent gate.
 41269 | Snake:4  | Noticed rapeowns's ghost (adept DgEE)
 41351 | Snake:4  | Reached XP level 21. HP: 82/131 MP: 23/42
 41361 | Snake:4  | Reached skill level 14 in Armour
 41371 | Snake:4  | Identified the +6 great sword of Fresh Trial by Ordeal
                  | {spect, Int+6}
 41373 | Snake:4  | Gained mutation: You are very clumsy. (Dex -4) [mutagenic
                  | glow]
 41398 | Snake:4  | Reached skill level 10 in Earth Magic
 41434 | Snake:4  | Gained mutation: Your magical capacity is low. (-10% MP)
                  | [mutagenic glow]
 41453 | Snake:4  | Lost mutation: You are weak. (Str -2) [potion of mutation]
 41453 | Snake:4  | Lost mutation: You are very clumsy. (Dex -4) [potion of
                  | mutation]
 41453 | Snake:4  | Gained mutation: Your spells are a little easier to cast,
                  | but a little less powerful. [potion of mutation]
 41692 | Snake:4  | Found Pomn's Magic Scroll Emporium.
 41693 | Snake:4  | Noticed Mara
 41712 | Snake:4  | Noticed Serulin's illusion
 41725 | Snake:4  | Gained mutation: You have sharp toenails. [mutagenic glow]
 41726 | Snake:4  | Killed Mara
 41846 | Snake:4  | Bought a scroll of teleportation for 45 gold pieces
 41846 | Snake:4  | Bought a scroll of blinking for 112 gold pieces
 41925 | Snake:4  | Gained mutation: You have hidden genetic defects.
                  | [mutagenic glow]
 41946 | Snake:4  | Gained mutation: You have terrible hidden genetic defects.
                  | [mutagenic glow]
 41947 | Snake:4  | Lost mutation: You are clumsy. (Dex -2) [potion of
                  | mutation]
 41947 | Snake:4  | Lost mutation: You are occasionally teleported next to
                  | monsters. [potion of mutation]
 41947 | Snake:4  | Lost mutation: You have a pair of small antennae on your
                  | head. [potion of mutation]
 41947 | Snake:4  | Gained mutation: Your natural rate of healing is unusually
                  | fast. [potion of mutation]
 41948 | Snake:4  | Lost mutation: Your flesh is cold resistant. (rC+) [potion
                  | of mutation]
 41948 | Snake:4  | Lost mutation: You have terrible hidden genetic defects.
                  | [potion of mutation]
 41948 | Snake:4  | Gained mutation: You are partially covered in iridescent
                  | scales. (AC +2) [potion of mutation]
 41948 | Snake:4  | Lost mutation: You have very sharp teeth. [potion of
                  | mutation]
 41985 | Snake:4  | Gained mutation: You occasionally shout uncontrollably at
                  | your foes. [mutagenic glow]
 42020 | Snake:4  | Lost mutation: Your natural rate of healing is unusually
                  | fast. [potion of mutation]
 42020 | Snake:4  | Lost mutation: You have sharp toenails. [potion of
                  | mutation]
 42020 | Snake:4  | Gained mutation: Your flesh is heat resistant. (rF+)
                  | [potion of mutation]
 42141 | Snake:4  | Lost mutation: You have supernaturally acute eyesight.
                  | (SInv) [potion of mutation]
 42141 | Snake:4  | Lost mutation: You have sharp fingernails. [potion of
                  | mutation]
 42141 | Snake:4  | Gained mutation: You are strong-willed. (Will+) [potion of
                  | mutation]
 42141 | Snake:4  | Gained mutation: You occasionally lose the ability to drink
                  | potions when taking damage. [potion of mutation]
 42141 | Snake:4  | Gained mutation: You possess an exceptional clarity of
                  | mind. [potion of mutation]
 42285 | Snake:4  | Got a serpentine rune of Zot
 42382 | Snake:4  | Killed rapeowns's ghost
 42383 | Snake:4  | Reached skill level 15 in Conjurations
 42395 | Snake:4  | Identified the +6 storm dragon scales of Magylotu {+Blink
                  | rElec rC+}
 42424 | Snake:4  | Lost mutation: You have hidden genetic defects. [potion of
                  | mutation]
 42424 | Snake:4  | Lost mutation: Your flesh is heat resistant. (rF+) [potion
                  | of mutation]
 42424 | Snake:4  | Lost mutation: You occasionally shout uncontrollably at
                  | your foes. [potion of mutation]
 42424 | Snake:4  | Lost mutation: You possess an exceptional clarity of mind.
                  | [potion of mutation]
 42424 | Snake:4  | Lost mutation: You are partially covered in iridescent
                  | scales. (AC +2) [potion of mutation]
 42424 | Snake:4  | Lost mutation: You occasionally lose the ability to drink
                  | potions when taking damage. [potion of mutation]
 42733 | Vaults:1 | Entered Level 1 of the Vaults
 42957 | Shoals:1 | Entered Level 1 of the Shoals
 43525 | Shoals:1 | Found Gatzuiff's Distillery.
 43533 | Shoals:1 | Bought a potion of mutation for 112 gold pieces
 43533 | Shoals:1 | Bought a potion of mutation for 112 gold pieces
 43533 | Shoals:1 | Bought a potion of cancellation for 112 gold pieces
 43533 | Shoals:1 | Bought a potion of haste for 140 gold pieces
 43589 | Shoals:1 | Noticed Roxanne
 43610 | Shoals:1 | Killed Roxanne
 44846 | Shoals:3 | Found Calun's Firing Range.
 44864 | Shoals:3 | Reached XP level 22. HP: 122/138 MP: 39/39
 45585 | Shoals:3 | Identified the +8 tower shield "Adajor" {Str+2}
 45585 | Shoals:3 | Noticed Louise
 45588 | Shoals:3 | Killed Louise
 46017 | Shoals:4 | Entered Level 4 of the Shoals
 46217 | Shoals:4 | Identified the +9 quarterstaff of Zealous Courage {heavy,
                  | rElec}
 46223 | Shoals:4 | Noticed Polyphemus
 46230 | Shoals:4 | Reached skill level 15 in Armour
 46239 | Shoals:4 | Killed Polyphemus
 46298 | Shoals:4 | Identified the +1 glaive of Apifith {heavy, SInv}
 46342 | Shoals:4 | Noticed Bai Suzhen
 46348 | Shoals:4 | Killed Bai Suzhen
 46505 | Shoals:4 | Got a barnacled rune of Zot
 46659 | Shoals:4 | Reached skill level 15 in Fighting
 48029 | Vaults:1 | Reached skill level 10 in Shields
 48250 | Vaults:1 | Found a large runed translucent door.
 48250 | Vaults:1 | Found a large runed translucent door.
 48250 | Vaults:1 | Found a large runed translucent door.
 48250 | Vaults:1 | Found a large runed translucent door.
 48250 | Vaults:1 | Found a large runed translucent door.
 48250 | Vaults:1 | Found a large runed translucent door.
 48250 | Vaults:1 | Found a large runed translucent door.
 48250 | Vaults:1 | Found a large runed translucent door.
 48250 | Vaults:1 | Noticed Midn8's ghost (adept DrVM)
 48390 | Vaults:1 | Killed Midn8's ghost
 48395 | Vaults:1 | Identified the ring of the Sufficient Tomato {Fly Will+
                  | rCorr Str-3 Stlth+}
 48581 | Vaults:2 | Reached XP level 23. HP: 137/144 MP: 37/41
 48593 | Vaults:2 | Reached skill level 5 in Translocations
 48603 | Vaults:2 | Noticed a dread lich
 48611 | Vaults:2 | Killed a dread lich
 48714 | Vaults:2 | Found a runed translucent gate.
 48714 | Vaults:2 | Found a runed translucent gate.
 48714 | Vaults:2 | Found an ancient bone altar of Kikubaaqudgha.
 48714 | Vaults:2 | Noticed Qecvurom's ghost (adept DrRe)
 48715 | Vaults:2 | Found a runed translucent gate.
 49119 | Vaults:2 | Reached skill level 16 in Armour
 49324 | Vaults:2 | Found Romun's General Store.
 49332 | Vaults:2 | Bought a potion of heal wounds for 110 gold pieces
 49332 | Vaults:2 | Bought 2 potions of heal wounds for 220 gold pieces
 49531 | Vaults:2 | Found a staircase to the Crypt.
 49763 | Vaults:2 | Killed Qecvurom's ghost
 49767 | Vaults:2 | Identified the +1 chain mail of Magic {Str+4 Int-3}
 49780 | Vaults:2 | Identified the +2 cloak of the Ghostly Monkey {rPois rF-
                  | rC+}
 49786 | Vaults:2 | Identified the amulet "Veregewag" {Faith Int+2 Stlth+}
 49823 | Vaults:3 | You are sucked into a shaft and drop 1 floor!
 51280 | Vaults:3 | Identified the +4 arbalest of Karma {antimagic, rElec
                  | rPois}
 51676 | Vaults:3 | Reached skill level 17 in Armour
 52011 | Vaults:5 | Entered Level 5 of the Vaults
 52014 | Vaults:5 | Reached XP level 24. HP: 150/150 MP: 41/41
 52216 | Vaults:5 | Noticed a dread lich
 52232 | Vaults:5 | Killed a dread lich
 52475 | Vaults:4 | Gained mutation: Your body sometimes deteriorates upon
                  | taking damage. [mutagenic glow]
 52601 | Vaults:5 | Noticed an ancient lich
 52643 | Vaults:5 | Noticed a dread lich
 52677 | Vaults:5 | Noticed an ancient lich
 52686 | Vaults:5 | Killed an ancient lich
 52850 | Vaults:5 | Identified the ring of the Queen {+Blink rElec rPois Str+3
                  | Dex+6}
 52859 | Vaults:5 | Identified the +7 hand axe "Daeqiust" {venom, rC+ Str+4}
 52878 | Vaults:5 | Reached skill level 18 in Armour
 52973 | Vaults:5 | Killed a dread lich
 53158 | Vaults:5 | Noticed an ancient lich
 53172 | Vaults:4 | Killed an ancient lich
 53515 | Vaults:5 | Reached XP level 25. HP: 119/155 MP: 41/41
 53522 | Vaults:5 | Killed an ancient lich
 53590 | Vaults:5 | Found the +8 whip "Snakebite" {venom, curare, rPois}
 53602 | Vaults:5 | Identified the staff of death "Quzejiru" {rN+ Str+3 SInv}
 54148 | Vaults:5 | Found Jutobaq's Magic Scroll Shoppe.
 54148 | Vaults:5 | Found Besixteg's Magic Scroll Shop.
 54153 | Vaults:5 | Bought a scroll of teleportation for 30 gold pieces
 54153 | Vaults:5 | Bought a scroll of fog for 40 gold pieces
 54160 | Vaults:5 | Bought a scroll of teleportation for 33 gold pieces
 54160 | Vaults:5 | Bought a scroll of fear for 44 gold pieces
 54160 | Vaults:5 | Bought a scroll of teleportation for 33 gold pieces
 54160 | Vaults:5 | Bought a scroll of acquirement for 572 gold pieces
 54160 | Vaults:5 | Bought a scroll of teleportation for 33 gold pieces
 54162 | Vaults:5 | Acquired the ring of Qynovub {rF+ AC+4 Str+3 Slay+6}
 54222 | Vaults:5 | Identified the +1 ring mail "Cafem" {rF++ Dex+2 Stlth-}
 54234 | Vaults:5 | Found Yjoxet's Magic Scroll Boutique.
 54239 | Vaults:5 | Bought a scroll of fear for 72 gold pieces
 54239 | Vaults:5 | Bought 2 scrolls of silence for 342 gold pieces
 54239 | Vaults:5 | Bought a scroll of teleportation for 54 gold pieces
 54250 | Vaults:5 | Got a silver rune of Zot
 54308 | Vaults:5 | Found the +2 shield of Resistance {rF++ rC++ Will++}
 54318 | Vaults:5 | Identified the staff of air "Latz" {rElec rF- rN+ MP+9}
 54324 | Vaults:5 | Got Qagyuhas's Compendium of the Mortuary Tektite
 54339 | Vaults:5 | Identified the ring "Mokhlas" {Fly Will+ Int+3 Dex+6}
 54351 | Vaults:5 | Identified the +3 broad axe of the Pillar {flame, Drain
                  | rPois MP+9}
 54556 | Vaults:5 | Got the Codex of the Hyperbolic Pyromaniac
 54787 | Hell     | Entered the Vestibule of Hell
 54787 | Hell     | Noticed Geryon
 54840 | Depths:1 | Gained mutation: You occasionally lose the ability to read
                  | scrolls when taking damage. [mutagenic glow]
 55003 | Depths:2 | Reached skill level 15 in Shields
 55053 | Depths:2 | Reached skill level 19 in Armour
 55429 | Depths:2 | Noticed a dread lich
 55434 | Depths:2 | Killed a dread lich
 56366 | Depths:3 | Found Irchexey's Specific Store.
 56368 | Depths:3 | Found Hojuykh's General Store.
 56378 | Depths:3 | Bought 2 potions of mutation for 224 gold pieces
 56484 | Depths:3 | Found a one-way gate to the infinite horrors of the Abyss.
 56831 | Depths:3 | Noticed a juggernaut
 56840 | Depths:3 | Killed a juggernaut
 56861 | Depths:3 | Found the +27 heavy crossbow "Sniper" {heavy, Acc+∞ SInv}
 56945 | Depths:3 | Identified the +1 robe of Prudence {Dex+2}
 57146 | Depths:4 | Entered Level 4 of the Depths
 57233 | Depths:4 | Reached skill level 20 in Armour
 57354 | Depths:4 | Identified the +1 glaive "Teashun" {heavy, rC+ rN+ Dex+2}
 57391 | Depths:4 | Reached XP level 26. HP: 97/160 MP: 14/42
 57543 | Depths:4 | Found a gate to the Realm of Zot.
 57776 | Depths:4 | Found a portal to a secret trove of treasure.
 58354 | Depths:4 | You paid a toll of +3 shadow dragon scales to enter a
                  | treasure trove
 58355 | Trove    | Entered a treasure trove
 58362 | Trove    | Identified the ring "Jyirpheost" {+Blink Will+ AC+4 Str-3
                  | SInv}
 58370 | Trove    | Identified the +4 shortbow "Wadum" {freeze, rPois rCorr
                  | Str+3 Dex+2}
 58392 | Trove    | Identified the +7 broad axe "Veyseexziq" {flame, rPois
                  | Dex+3}
 58407 | Trove    | Identified the +0 pair of gloves "Luanor" {Str+2}
 58439 | Trove    | Identified the staff of cold "Puwoext" {rC+ Int+3 Stlth+}
 59039 | Depths:4 | Found a shadowy altar of Dithmenos.
 59275 | Crypt:1  | Entered Level 1 of the Crypt
 59549 | Crypt:1  | Identified the ring "Xoil" {Will+ Dex+6}
 59736 | Crypt:1  | You are sucked into a shaft and drop 1 floor!
 60136 | Crypt:1  | Reached skill level 15 in Earth Magic
 60230 | Crypt:1  | Identified the ring "Toipumm" {rPois Int+3}
 60230 | Crypt:1  | Noticed a royal mummy
 60234 | Crypt:1  | Killed a royal mummy
 60370 | Crypt:2  | Noticed Xtahua
 60392 | Crypt:2  | Killed Xtahua
 60512 | Crypt:2  | Reached skill level 21 in Armour
 61098 | Crypt:2  | Found an ancient bone altar of Kikubaaqudgha.
 61198 | Crypt:3  | Entered Level 3 of the Crypt
 61738 | Crypt:3  | Found an ancient bone altar of Kikubaaqudgha.
 61738 | Crypt:3  | Noticed a dread lich
 61741 | Crypt:3  | Killed a dread lich
 61985 | Crypt:3  | Reached XP level 27. HP: 159/165 MP: 13/42
 62250 | Crypt:3  | Found a staircase to the Tomb.
 62931 | Zot:1    | Entered Level 1 of the Realm of Zot
 62996 | Zot:1    | Learned a level 7 spell: Spellforged Servitor
 63031 | Zot:1    | Reached skill level 1 in Summonings
 63259 | Zot:1    | Found the +4 dragonskin cloak
 63259 | Zot:1    | Noticed Tiamat
 63264 | Zot:1    | Reached skill level 22 in Armour
 63298 | Zot:1    | Killed Tiamat
 63613 | Zot:1    | Noticed Grunn
 63622 | Zot:1    | Killed Grunn
 64398 | Zot:1    | Gained mutation: You occasionally lose the ability to drink
                  | potions when taking damage. [mutagenic glow]
 64435 | Zot:1    | Lost mutation: You are strong-willed. (Will+) [potion of
                  | mutation]
 64435 | Zot:1    | Lost mutation: You occasionally lose the ability to drink
                  | potions when taking damage. [potion of mutation]
 64435 | Zot:1    | Gained mutation: You possess an exceptional clarity of
                  | mind. [potion of mutation]
 65016 | Zot:2    | Gained mutation: You are vulnerable to heat. (rF-)
                  | [mutagenic glow]
 65829 | Zot:3    | Noticed an orb of fire
 65830 | Zot:3    | Gained mutation: You are clumsy. (Dex -2) [an orb of fire]
 65834 | Zot:3    | Gained mutation: You have sharp toenails. [an orb of fire]
 65838 | Zot:3    | Killed an orb of fire
 65838 | Zot:3    | Noticed an orb of fire
 65840 | Zot:3    | Noticed an orb of fire
 65844 | Zot:3    | Gained mutation: Your body often deteriorates upon taking
                  | damage. [an orb of fire]
 65846 | Zot:3    | Gained mutation: You do not regenerate when monsters are
                  | visible. [an orb of fire]
 65846 | Zot:3    | Gained mutation: You are strong-willed. (Will+) [an orb of
                  | fire]
 65848 | Zot:3    | Killed an orb of fire
 65848 | Zot:3    | Gained mutation: You are occasionally teleported next to
                  | monsters. [an orb of fire]
 65849 | Zot:3    | Gained mutation: Armour fits poorly on your strangely
                  | shaped body. [an orb of fire]
 65854 | Zot:3    | Gained mutation: You are weak. (Str -2) [an orb of fire]
 65859 | Zot:3    | Gained mutation: You are dopey. (Int -2) [an orb of fire]
 65862 | Zot:3    | Gained mutation: You sometimes lose the ability to read
                  | scrolls when taking damage. [an orb of fire]
 65864 | Zot:3    | Gained mutation: Your spells are easier to cast, but less
                  | powerful. [an orb of fire]
 65868 | Zot:3    | Killed an orb of fire
 65869 | Zot:3    | Reached skill level 23 in Armour
 65923 | Zot:3    | Lost mutation: You do not regenerate when monsters are
                  | visible. [potion of mutation]
 65923 | Zot:3    | Lost mutation: You are strong-willed. (Will+) [potion of
                  | mutation]
 65923 | Zot:3    | Lost mutation: You have sharp toenails. [potion of
                  | mutation]
 65923 | Zot:3    | Lost mutation: You are clumsy. (Dex -2) [potion of
                  | mutation]
 65924 | Zot:3    | Lost mutation: You passively map a small area around you.
                  | [potion of mutation]
 65924 | Zot:3    | Lost mutation: Your spells are easier to cast, but less
                  | powerful. [potion of mutation]
 65924 | Zot:3    | Lost mutation: Your spells are a little easier to cast, but
                  | a little less powerful. [potion of mutation]
 65924 | Zot:3    | Gained mutation: Your skin changes colour to match your
                  | surroundings (Stealth+). [potion of mutation]
 65925 | Zot:3    | Lost mutation: You are dopey. (Int -2) [potion of mutation]
 65925 | Zot:3    | Lost mutation: Your body often deteriorates upon taking
                  | damage. [potion of mutation]
 65925 | Zot:3    | Gained mutation: You have a pair of small horns on your
                  | head. [potion of mutation]
 65926 | Zot:3    | Lost mutation: You possess an exceptional clarity of mind.
                  | [potion of mutation]
 65926 | Zot:3    | Lost mutation: You are occasionally teleported next to
                  | monsters. [potion of mutation]
 65926 | Zot:3    | Lost mutation: Your skin changes colour to match your
                  | surroundings (Stealth+). [potion of mutation]
 65926 | Zot:3    | Lost mutation: Your magical capacity is low. (-10% MP)
                  | [potion of mutation]
 65926 | Zot:3    | Gained mutation: You expend magic power (3 MP) to
                  | strengthen your wands. [potion of mutation]
 65926 | Zot:3    | Gained mutation: You are agile. (Dex +4, Str/Int -1)
                  | [potion of mutation]
 66098 | Zot:3    | Identified the ring of the Living God {*Slow rCorr Str+3
                  | Int+5 Dex+6}
 66354 | Zot:4    | HP: 11/247 [golden dragon (4)]
 66354 | Zot:4    | Mangled by a white draconian

Illustrated notes

Levels and vault maps discovered:
D:1:      giann_bridges, layout_basic, kennysheep_decorative_pillar
D:2:      layout_basic, basic_altar
D:3:      layout_loops_ring, grunt_gozag_breadcrumbs,
          chequers_ecumenical_altar_island, minmay_increasing_density
D:4:      layout_rooms, fedhas_altar_decomposition, lemuel_tele_altar,
          biasface_ghost_orc_armoury, st_stairs_5, minivault_4
D:5:      layout_basic, mainiacjoe_overflow_boulevard, led_sif_pool,
          mainiacjoe_overflow_24_doors, minmay_manual_moon
D:6:      layout_basic, ashenzari_conservatory_becter,
          kennysheep_generic_room_15
D:7:      layout_rooms, lemuel_crystal_altar, grunt_qazlal_clouds,
          minmay_temple_entry_stoned_glass, uniq_joseph
D:8:      layout_basic, grunt_temple_overflow_diamond,
          grunt_lair_entry_orc_guard_hut, enter_bailey_3, minmay_misc_feat_tower
D:9:      minmay_angry_zag, layout_long_grid, david_orc_3,
          hellmonk_ghost_happy_afterlife, lemuel_flame_loot_1, uniq_maggie
D:10:     layout_loops_ring, minmay_circle_x
D:11:     layout_roguey, special_room [special_room_orc]
D:12:     evilmike_diamond_2, layout_grid_maze, lemuel_old_faithful
D:13:     layout_rooms, gauntlet_entry_generic, interstate_on_off,
          amethyst_killhole, nicolae_tso_swordbearing_angel
D:14:     layout_rooms, david_vaults_1, minmay_misc_feat_pillars,
          serial_co_window_serial, co_window_paths_a, co_window_cross_1,
          co_window_of_opportunity_a, co_window_paths_a, co_window_paths_b,
          co_window_2corner, co_window_of_opportunity_c, co_window_cross_4,
          co_window_of_opportunity_b, co_window_of_opportunity_c,
          co_window_corner_b, co_window_corner_cb, co_window_paths_d,
          glass_columns_c, glass_columns_a, glass_columns_a
D:15:     hangedman_depths_entry_civil_slaughter, layout_irregular_city,
          serial_shops, nicolae_shop_bloodbath_and_beyond,
          amcnicky_mini_pool_small, kennysheep_doodads, uniq_nessos
Lair:1:   layout_gridlike, special_room [special_room_bee],
          small_statue_intersection, st_stairs_11
Lair:2:   nzn_winding_woodlands_stair_cross
          [nzn_winding_woodlands_5x15_longhouse,
          nzn_winding_woodlands_center_diamonds,
          nzn_winding_woodlands_5x15_jagged,
          nzn_winding_woodlands_5x5_open_star,
          nzn_winding_woodlands_5x5_default, nzn_winding_woodlands_5x15_default,
          nzn_winding_woodlands_center_pierced_h,
          nzn_winding_woodlands_5x15_sidewinder], layout_concentric_octagons,
          lemuel_fruit_tree
Lair:3:   layout_cave_pods, elwin_shoals_entry_rocks,
          minmay_snake_entry_guardpost_medium, uniq_nergalle
Lair:4:   layout_misc_corridors, basic_altar, ice2_lemuel
Lair:5:   gammafunk_lair_ancient_temple, layout_long_grid,
          nicolae_slime_entry_field_trip, minivault_19
Shoals:1: layout_shoals, serial_shops, nicolae_shop_peninsula, uniq_roxanne
Shoals:2: layout_shoals, nicolae_shoals_flooded_hall
Shoals:3: layout_shoals, nicolae_shop_firing_range, uniq_louise
Shoals:4: shoals_end_simple, layout_shoals, nicolae_shoals_goliath_grotto,
          uniq_bai_suzhen, uniq_polyphemus
Snake:1:  layout_chambers
Snake:2:  layout_basic, uniq_asterion, uniq_azrael, uniq_mlioglotl,
          uniq_saint_roka
Snake:3:  layout_cave_town, uniq_aizul, uniq_agnes, uniq_vashnia
Snake:4:  minmay_snake_end_coiled, layout_rooms, ebering_ghost_rock_garden,
          serial_shops, shop, nicolae_snake_storage_room, uniq_mara
Orc:1:    layout_caves, basic_altar, serial_shops, nicolae_shop_rolling_square,
          uniq_harold, uniq_erica
Orc:2:    pf_orc_diabolical, layout_caves, special_room
Elf:1:    layout_gridlike, serial_shops, nicolae_shop_trees, basic_altar,
          hangedman_elven_crosses_minicolossus
Elf:2:    nicolae_elf_blades_crystal_corner, layout_onion_city,
          lemuel_upstairs_altar
Elf:3:    minmay_elf_hall_not_hex, layout_onion_city, guppyfry_elf_altar
Vaults:1: advil_vaults_ghost_lines, ontoclasm_vaults_bender,
          ontoclasm_vaults_ring_small, nicolae_vaults_stepped_doors,
          nicolae_vaults_little_squares_3, nicolae_vaults_ninety_degrees,
          vaults_room_grunt_arrival_checkpoint, nicolae_vaults_two_Ls,
          layout_vaults_omnibox
Vaults:2: gammafunk_ghost_crypt, nicolae_vaults_tangram_1, vaults_room_boxed,
          v_misc_15, nicolae_vaults_doubleplus_tesselated, v_misc_18,
          blue_anna_dwarven_crypt, hangedman_vaults_locks,
          nicolae_vaults_little_squares_5,
          nicolae_vaults_antechamber_and_loot_room, layout_vaults_quadrants,
          serial_shops, shop
Vaults:3: v_misc_16, hangedman_vaults_hat, vaults_room_grid,
          vaults_dpeg_emergency_exit, nicolae_vaults_cornered_office,
          nicolae_vaults_three_branches, vaults_room_hallway, v_misc_27,
          nicolae_vaults_offset_grid_hallway_2, nicolae_vaults_yaktaur_gun_rack,
          nicolae_vaults_circle_grid_b, nicolae_vaults_alarming,
          ontoclasm_vaults_ligature, nicolae_vaults_trapezoid_2,
          layout_vaults_ring
Vaults:4: hangedman_vaults_stagger, nicolae_vaults_storage_closets_3,
          nicolae_vaults_more_shelving_1, nicolae_vaults_closet_pinwheel_1,
          nicolae_vaults_trapezoid_1, nicolae_vaults_ring_of_whatevers,
          ontoclasm_vaults_chip, nicolae_vaults_shrinking_rooms_1,
          ontoclasm_vaults_ring_large, nicolae_vaults_trapezoid_2,
          nicolae_vaults_trapezoid_4, nicolae_vaults_tetromino_Z_2,
          vaults_room_pools, special_room_vaults [special_room_orc],
          layout_vaults_maze_bifur
Vaults:5: uniq_margery
Crypt:1:  lemuel_minitomb, layout_gridlike, grunt_crypt_arrival_split
Crypt:2:  cheibrodos_crypt_eye_of_stone, layout_misc_corridors, uniq_xtahua
Crypt:3:  cryptofortress_bobbens
Depths:1: kennysheep_bubbly, layout_basic, enter_ziggurat_c, pan_entry,
          abandoned_shop, grunt_hell_horde, grunt_ministairs_10,
          chequers_serial_rivers_micro_c, dreamdust_wishing_well,
          grunt_decor_resistance, okawaru_gym_becter
Depths:2: hangedman_crystal_crosses_colossus [crystal_crosses_arms_four,
          crystal_crosses_arms_two, crystal_crosses_arms_one,
          crystal_crosses_arms_one], pan_entry, hell_entry, serial_shops
Depths:3: minmay_fractal_lines_corner, layout_cave_shapes,
          grunt_hell_entry_dis_grunt, abyss_entry, wad_floor_pattern_2,
          nicolae_specific_store, infiniplex_staircase_zigzag_2
Depths:4: grunt_zot_entry_gee_three, layout_gridlike,
          nicolae_dithmenos_through_a_glass_darkly, nicolae_trove_entry_columns,
          hellmouth_1
Hell
Zot:1:    circus_mu, layout_cathedral_of_symmetry, uniq_tiamat, uniq_grunn
Zot:2:    layout_gridlike, bh_zot_levy_curve, grunt_megastairs_4
Zot:3:    layout_misc_corridors, st_stairs_4, lemuel_lake_of_fire
Zot:4:    layout_onion, grunt_megastairs_2

Skill      XL: |  1  2  3  4  5  6  7  8  9 10 11 12 13 14 15 16 17 18 19 20 21 22 23 24 25 26 27 |
---------------+----------------------------------------------------------------------------------+-----
Conjurations   | 1 2 3 4 5 7 8 9 10 12 13 15 16 17 18 19 | 19.8
Earth Magic    | 4 5 8 9 11 12 13 14 15 17 | 17.2
Spellcasting   | 3 4 5 6 7 8 10 11 13 14 15 16 17 18 19 20 21 | 21.3
Fire Magic     | 2 4 6 8 10 12 13 15 16 17 18 19 20 | 20.3
Armour         | 3 4 6 9 11 12 13 14 15 17 18 20 21 23 | 23.2
Fighting       | 2 4 6 8 9 11 12 13 14 15 | 15.1
Dodging        | 3 4 5 6 |  6.3
Transmutations | 4 6 8 |  8.5
Shields        | 2 5 7 9 10 12 14 15 16 18 | 18.1
Necromancy     | 3 4 |  4.0
Translocations | 3 4 5 |  5.5
Summonings     | 4 |  4.1
Stealth        | |  2.1

Action                     |  1- 3 |  4- 6 |  7- 9 | 10-12 | 13-15 | 16-18 | 19-21 | 22-24 | 25-27 || total
---------------------------+-------+-------+-------+-------+-------+-------+-------+-------+-------++-------
  Melee: Unarmed           |    13 |       |       |       |       |       |       |       |       ||    13
         Spear             |       |       |    73 |   134 |    77 |   308 |  1112 |  1163 |  1725 ||  4592
         Bite              |       |       |       |    13 |    12 |    40 |   117 |       |       ||   182
         Punch             |       |       |       |     5 |       |       |       |       |       ||     5
         Headbutt          |       |       |       |       |       |       |       |       |    17 ||    17
   Fire: Sling             |       |    60 |    12 |       |       |       |       |       |       ||    72
  Throw: Dart              |       |       |     1 |       |       |       |       |       |       ||     1
         Throwing net      |       |       |       |       |     1 |       |       |       |       ||     1
   Cast: Sandblast         |    46 |    80 |    79 |    69 |    13 |     3 |       |       |       ||   290
         Stone Arrow       |       |     4 |    71 |   156 |   205 |   249 |    85 |     9 |     5 ||   784
         Sticky Flame      |       |       |     2 |    26 |    36 |    15 |       |     1 |       ||    80
         Fireball          |       |       |       |    40 |    27 |     9 |       |       |       ||    76
         Flame Wave        |       |       |       |    10 |    20 |       |       |       |       ||    30
         Lee's Rapid Decon |       |       |       |     9 |     1 |     3 |     8 |       |       ||    21
         Starburst         |       |       |       |     3 |    49 |   102 |   102 |   314 |   113 ||   683
         Ignition          |       |       |       |       |     5 |    39 |    73 |    22 |   125 ||   264
         Irradiate         |       |       |       |       |       |    99 |   104 |    67 |   109 ||   379
         Blink             |       |       |       |       |       |       |     3 |       |     1 ||     4
         Lehudib's Crystal |       |       |       |       |       |       |       |       |   255 ||   255
  Evoke: Wand              |       |       |     2 |     2 |     3 |     9 |       |       |       ||    16
         Phantom mirror    |       |       |       |       |     1 |       |       |       |     1 ||     2
         Box of beasts     |       |       |       |       |       |       |       |       |     1 ||     1
    Use: Scroll            |     7 |     6 |     5 |    11 |     7 |    11 |     6 |     4 |    14 ||    71
         Potion            |       |     1 |       |     1 |     6 |     5 |    10 |     4 |     8 ||    35
   Stab: Sleeping          |     1 |       |       |     1 |       |     1 |     1 |       |       ||     4
         Distracted        |       |       |       |       |       |     2 |     1 |       |       ||     3
         Petrified         |       |       |       |       |       |       |       |     3 |       ||     3
 Armour: Robe              |     8 |    29 |    15 |       |       |    79 |    83 |       |       ||   214
         Steam dragon scal |       |       |    25 |    93 |    90 |   177 |       |       |       ||   385
         Fire dragon scale |       |       |       |       |       |       |   779 |   208 |  1328 ||  2315
         Skin              |       |       |       |       |       |       |     3 |       |       ||     3
         Storm dragon scal |       |       |       |       |       |       |       |   501 |   100 ||   601
  Dodge: Dodged            |    19 |    71 |   119 |   222 |   190 |   303 |   605 |   369 |   859 ||  2757
         Repelled          |       |       |       |       |       |     4 |    42 |    10 |    40 ||    96
  Block: Other             |       |       |    22 |    69 |    46 |    21 |       |       |       ||   158
         Reflection        |       |       |     1 |     5 |     3 |    19 |       |       |       ||    28
         Buckler           |       |       |       |       |       |   193 |   609 |    39 |       ||   841
         Tower shield      |       |       |       |       |       |       |       |  1703 |    90 ||  1793
         Kite shield       |       |       |       |       |       |       |       |       |  1794 ||  1794

Table legend: (Time is in decaauts)
 A = Elapsed time spent in this place.
 B = Non-inter-level travel time spent in this place.
 C = Inter-level travel time spent in this place.
 D = Time resting spent in this place.
 E = Time spent auto-exploring this place.
 F = Levels seen in this place.
 G = Mean time per level.
                   A        B        C        D        E       F      G
               +--------+--------+--------+--------+--------+-----+--------+
         Total |  67761 |  62268 |   5493 |   8873 |  35331 |  56 | 1210.0 |
       Dungeon |  17091 |  14907 |   2184 |   1284 |  10534 |  15 | 1139.4 |
          Lair |   9378 |   8836 |    542 |   3118 |   3732 |   5 | 1875.6 |
        Shoals |   4122 |   3840 |    282 |     21 |   2661 |   4 | 1030.5 |
     Snake Pit |   4711 |   4355 |    356 |     97 |   2830 |   4 | 1177.8 |
  Orcish Mines |   3257 |   3142 |    115 |   1208 |   1151 |   2 | 1628.5 |
   Elven Halls |   6422 |   6173 |    249 |   1752 |   2877 |   3 | 2140.7 |
        Vaults |   8067 |   7108 |    959 |    487 |   4231 |   5 | 1613.4 |
         Crypt |   3536 |   3303 |    233 |     15 |   2133 |   3 | 1178.7 |
        Depths |   5372 |   4926 |    446 |    339 |   2770 |   4 | 1343.0 |
          Hell |     14 |     14 |      0 |      0 |      0 |   1 |   14.0 |
           Zot |   3553 |   3433 |    120 |    412 |   1879 |   4 |  888.2 |
         Abyss |    894 |    894 |      0 |     15 |      0 |   3 |  298.0 |
         Trove |    114 |    114 |      0 |      0 |      0 |   1 |  114.0 |
        Bailey |    776 |    776 |      0 |     79 |    400 |   1 |  776.0 |
      Gauntlet |    448 |    448 |      0 |     45 |    131 |   1 |  448.0 |
               +--------+--------+--------+--------+--------+-----+--------+

Top non-repeatable levels by time:
  Lair:2: 2619 daAuts
   Elf:2: 2586 daAuts
   Orc:2: 2483 daAuts
  Lair:4: 2154 daAuts
   Elf:3: 2138 daAuts
Vaults:4: 2133 daAuts
Vaults:5: 1869 daAuts
     D:9: 1763 daAuts
  Lair:3: 1748 daAuts
  Lair:5: 1732 daAuts
   Elf:1: 1698 daAuts
   Zot:1: 1673 daAuts
     D:8: 1569 daAuts
Vaults:2: 1518 daAuts
Depths:4: 1510 daAuts
